| TOP OF THE 1ST |
|
Coastal Carolina University Chanticleers batting - Pitching for University of Minnesota Golden Gophers : RHP Josh Sheets
|
|
Pitching: RHP Josh Sheets
|
|
|
Batting: RHB Tatsunori Ishigaki
|
0-0: Ground out 4-3 (Groundball, 4, EV 102.5 MPH)
|
|
Batting: RHB Chris McDaniel
|
0-0: Ball 1-0: Ball 2-0: Called Strike 2-1: Swinging Strike 2-2: Foul Ball, location: 2F 2-2: Strikes out swinging
|
|
Batting: LHB Orlando Hurtado
|
0-0: Ball 1-0: Called Strike 1-1: Ball 2-1: SOLO HOME RUN (Flyball, 7D, EV 104.4 MPH), Distance : 390 ft
|
|
Batting: RHB Isaac Washington
|
0-0: Called Strike 0-1: Fly out, F8 (Flyball, 8LD, EV 90.6 MPH)
|
| Top of the 1st over - 1 run, 1 hit, 0 errors, 0 left on base; Coastal Carolina University 1 - University of Minnesota 0 |
| BOTTOM OF THE 1ST |
|
University of Minnesota Golden Gophers batting - Pitching for Coastal Carolina University Chanticleers : RHP Melchior Hartman
|
|
Pitching: RHP Melchior Hartman
|
|
|
Batting: SHB Chris Rodgers
|
0-0: Swinging Strike 0-1: Ball 1-1: Ball 2-1: Foul Ball, location: 2F 2-2: Foul Ball, location: 2F 2-2: Ground out 4-3 (Groundball, 4, EV 79.4 MPH)
|
|
Batting: RHB Roy Evenden
|
0-0: Foul Ball, location: 2F 0-1: Foul Ball, location: 2F 0-2: Foul Ball, location: 2F 0-2: Strikes out looking
|
|
Batting: RHB Ozzie Buendia
|
0-0: Fly out, F8 (Flyball, 78S, EV 88.1 MPH)
|
| Bottom of the 1st over - 0 runs, 0 hits, 0 errors, 0 left on base; Coastal Carolina University 1 - University of Minnesota 0 |
| TOP OF THE 2ND |
|
Coastal Carolina University Chanticleers batting - Pitching for University of Minnesota Golden Gophers : RHP Josh Sheets
|
|
Batting: RHB Mike Grogan
|
0-0: DOUBLE (Flyball, 89D, EV 110.6 MPH)
|
|
Batting: LHB Justin Sanders
|
0-0: Ball 1-0: Foul Ball, location: 2F 1-1: Ball 2-1: Swinging Strike 2-2: Ball 3-2: Strikes out swinging
|
|
Batting: RHB Tristan Williams
|
0-0: Ball 1-0: Called Strike 1-1: Ball 2-1: Called Strike 2-2: Foul Ball, location: 2F 2-2: Foul Ball, location: 2F 2-2: Strikes out looking
|
|
Batting: RHB Oscar Hernandez
|
0-0: Ball 1-0: Ball 2-0: Ball 3-0: Called Strike 3-1: Called Strike 3-2: Strikes out looking
|
| Top of the 2nd over - 0 runs, 1 hit, 0 errors, 1 left on base; Coastal Carolina University 1 - University of Minnesota 0 |
| BOTTOM OF THE 2ND |
|
University of Minnesota Golden Gophers batting - Pitching for Coastal Carolina University Chanticleers : RHP Melchior Hartman
|
|
Pitching: RHP Steve Hewlett
|
|
|
Batting: SHB Marty Kuehn
|
0-0: Ball 1-0: Ball 2-0: Ground out 5-3 (Groundball, 15, EV 86.2 MPH)
|
|
Batting: LHB Jose Moncada
|
0-0: Ball 1-0: Called Strike 1-1: Foul Ball, location: 2F 1-2: Reached on error, E4 (Groundball, 4, EV 106.9 MPH)
|
|
Batting: RHB Ron Gooch
|
0-0: Ball 1-0: Ball 2-0: Foul Ball, location: 2F 2-1: Ball 3-1: Called Strike 3-2: Fly out, F8 (Line Drive, 8RD, EV 91.2 MPH)
|
|
Batting: RHB Mike Satterfield
|
0-0: Called Strike 0-1: Foul Ball, location: 2F 0-2: Foul Ball, location: 2F 0-2: Ball 1-2: Ball 2-2: SINGLE (Groundball, 56D, EV 105.6 MPH) Jose Moncada to third
|
|
Batting: LHB Ivan Villegas
|
0-0: Foul Ball, location: 2F 0-1: Foul Ball, location: 2F 0-2: Ball 1-2: Ball 2-2: Ball 3-2: Foul Ball, location: 2F 3-2: Foul Ball, location: 2F 3-2: Strikes out swinging
|
| Bottom of the 2nd over - 0 runs, 1 hit, 1 error, 2 left on base; Coastal Carolina University 1 - University of Minnesota 0 |
| TOP OF THE 3RD |
|
Coastal Carolina University Chanticleers batting - Pitching for University of Minnesota Golden Gophers : RHP Josh Sheets
|
|
Batting: SHB Iher Waithaka
|
0-0: Ball 1-0: Foul Ball, location: 2F 1-1: Foul Ball, location: 2F 1-2: Ball 2-2: Foul Ball, location: 2F 2-2: Strikes out looking
|
|
Batting: RHB Tatsunori Ishigaki
|
0-0: Ball 1-0: Foul Ball, location: 2F 1-1: Swinging Strike 1-2: Ball 2-2: Ball 3-2: Strikes out swinging
|
|
Batting: RHB Chris McDaniel
|
0-0: Ball 1-0: Ball 2-0: Ball 3-0: Base on Balls
|
|
Batting: LHB Orlando Hurtado
|
0-0: Ball 1-0: 2-RUN HOME RUN (Flyball, 9D, EV 93.8 MPH), Distance : 371 ft
|
|
Batting: RHB Isaac Washington
|
0-0: Called Strike 0-1: Swinging Strike 0-2: Foul Ball, location: 2F 0-2: Foul Ball, location: 2F 0-2: Fly out, F9 (Line Drive, 89D, EV 93.1 MPH)
|
| Top of the 3rd over - 2 runs, 1 hit, 0 errors, 0 left on base; Coastal Carolina University 3 - University of Minnesota 0 |
| BOTTOM OF THE 3RD |
|
University of Minnesota Golden Gophers batting - Pitching for Coastal Carolina University Chanticleers : RHP Steve Hewlett
|
|
Batting: LHB Bobby Agterberg
|
0-0: Ball 1-0: Ball 2-0: Called Strike 2-1: Foul Ball, location: 2F 2-2: Ground out 4-3 (Groundball, 4, EV 95.6 MPH)
|
|
Batting: SHB Chris Rodgers
|
0-0: Ball 1-0: Ball 2-0: Ball 3-0: Base on Balls
|
|
Batting: RHB Roy Evenden
|
0-0: Ball 1-0: Swinging Strike 1-1: Called Strike 1-2: Ball Chris Rodgers is caught stealing 2nd base 2-4 2-2: Strikes out looking
|
| Bottom of the 3rd over - 0 runs, 0 hits, 0 errors, 0 left on base; Coastal Carolina University 3 - University of Minnesota 0 |
| TOP OF THE 4TH |
|
Coastal Carolina University Chanticleers batting - Pitching for University of Minnesota Golden Gophers : RHP Josh Sheets
|
|
Batting: RHB Mike Grogan
|
0-0: Ball 1-0: Swinging Strike 1-1: Fly out, F8 (Flyball, 8LD, EV 87.5 MPH)
|
|
Batting: LHB Justin Sanders
|
0-0: Ball 1-0: Ball 2-0: Foul Ball, location: 2F 2-1: Foul Ball, location: 2F 2-2: Foul Ball, location: 2F 2-2: Ball 3-2: Ground out 6-3 (Groundball, 56, EV 108.1 MPH)
|
|
Batting: RHB Tristan Williams
|
0-0: Called Strike 0-1: Ground out 4-3 (Groundball, 4, EV 84.4 MPH)
|
| Top of the 4th over - 0 runs, 0 hits, 0 errors, 0 left on base; Coastal Carolina University 3 - University of Minnesota 0 |
| BOTTOM OF THE 4TH |
|
University of Minnesota Golden Gophers batting - Pitching for Coastal Carolina University Chanticleers : RHP Steve Hewlett
|
|
Batting: RHB Ozzie Buendia
|
0-0: Foul Ball, location: 2F 0-1: Ball 1-1: Ball 2-1: Ball 3-1: Foul Ball, location: 2F 3-2: Base on Balls
|
|
Batting: SHB Marty Kuehn
|
0-0: Called Strike 0-1: Fly out, F8 (Flyball, 8RM, EV 78.1 MPH)
|
|
Batting: LHB Jose Moncada
|
0-0: Called Strike 0-1: Swinging Strike 0-2: Strikes out swinging
|
|
Batting: RHB Ron Gooch
|
0-0: Swinging Strike 0-1: Ball 1-1: Ground out U3 (Groundball, 3S, EV 92.5 MPH)
|
| Bottom of the 4th over - 0 runs, 0 hits, 0 errors, 1 left on base; Coastal Carolina University 3 - University of Minnesota 0 |
| TOP OF THE 5TH |
|
Coastal Carolina University Chanticleers batting - Pitching for University of Minnesota Golden Gophers : RHP Josh Sheets
|
|
Batting: RHB Oscar Hernandez
|
0-0: Reached on error, E6 (Groundball, 6, EV 88.1 MPH)
|
|
Batting: SHB Iher Waithaka
|
0-0: Called Strike 0-1: Swinging Strike 0-2: Ball 1-2: Ball 2-2: Strikes out swinging
|
|
Batting: RHB Tatsunori Ishigaki
|
0-0: Ball 1-0: Foul Ball, location: 2F 1-1: Foul Ball, location: 2F 1-2: Ball 2-2: Ball 3-2: Fly out, F4 (Line Drive, 4, EV 61.9 MPH)
|
|
Pitching: LHP Francisco Ortiz
|
|
|
Batting: RHB Chris McDaniel
|
0-0: Ball 1-0: Ball 2-0: Ball 3-0: Base on Balls Oscar Hernandez to second
|
|
Batting: LHB Orlando Hurtado
|
0-0: Called Strike 0-1: Called Strike 0-2: Ball 1-2: Strikes out swinging
|
| Top of the 5th over - 0 runs, 0 hits, 1 error, 2 left on base; Coastal Carolina University 3 - University of Minnesota 0 |
| BOTTOM OF THE 5TH |
|
University of Minnesota Golden Gophers batting - Pitching for Coastal Carolina University Chanticleers : RHP Steve Hewlett
|
|
Batting: RHB Mike Satterfield
|
0-0: Fly out, F8 (Line Drive, 8RM, EV 89.4 MPH)
|
|
Batting: LHB Ivan Villegas
|
0-0: Ball 1-0: Ball 2-0: Called Strike 2-1: Swinging Strike 2-2: Reached via error on a dropped throw from SS, E3 (Groundball, 6, EV 82.5 MPH)
|
|
Pitching: RHP Matt Schnurer
|
|
|
Batting: LHB Bobby Agterberg
|
0-0: Foul Ball, location: 2F 0-1: Ball 1-1: SINGLE (Groundball, 4MS, EV 66.2 MPH) (infield hit) Ivan Villegas to second
|
|
Batting: SHB Chris Rodgers
|
0-0: Swinging Strike 0-1: Called Strike 0-2: Ball 1-2: Foul Ball, location: 2F 1-2: Ball 2-2: Foul Ball, location: 2F 2-2: Foul Ball, location: 2F 2-2: Ball 3-2: Foul Ball, location: 2F 3-2: Strikes out swinging
|
|
Batting: RHB Roy Evenden
|
0-0: Foul Ball, location: 2F 0-1: Ball 1-1: Foul Ball, location: 2F 1-2: Ball 2-2: Ball 3-2: Foul Ball, location: 2F 3-2: Strikes out swinging
|
| Bottom of the 5th over - 0 runs, 1 hit, 1 error, 2 left on base; Coastal Carolina University 3 - University of Minnesota 0 |
| TOP OF THE 6TH |
|
Coastal Carolina University Chanticleers batting - Pitching for University of Minnesota Golden Gophers : LHP Francisco Ortiz
|
|
Batting: RHB Isaac Washington
|
0-0: Swinging Strike 0-1: Swinging Strike 0-2: Ball 1-2: Foul Ball, location: 2F 1-2: SOLO HOME RUN (Flyball, 9D, EV 93.1 MPH), Distance : 358 ft
|
|
Batting: RHB Mike Grogan
|
0-0: Foul Ball, location: 2F 0-1: Ball 1-1: Swinging Strike 1-2: Ball 2-2: Foul Ball, location: 2F 2-2: Strikes out swinging
|
|
Batting: LHB Justin Sanders
|
0-0: Ball 1-0: Ball 2-0: Ball 3-0: Base on Balls
|
|
Batting: RHB Tristan Williams
|
0-0: Foul Ball, location: 2F 0-1: Foul Ball, location: 2F 0-2: Fielders Choice at 2nd, 6-4 (Groundball, 6S, EV 80.0 MPH)
|
|
Batting: RHB Oscar Hernandez
|
0-0: Called Strike 0-1: Ball 1-1: Called Strike 1-2: Ball 2-2: Reached on error, E6 (Groundball, 6, EV 83.8 MPH) Tristan Williams to second
|
|
Batting: SHB Iher Waithaka
|
0-0: Called Strike 0-1: Foul Ball, location: 2F 0-2: Ball 1-2: Foul Ball, location: 2F 1-2: Ball 2-2: Strikes out looking
|
| Top of the 6th over - 1 run, 1 hit, 1 error, 2 left on base; Coastal Carolina University 4 - University of Minnesota 0 |
| BOTTOM OF THE 6TH |
|
University of Minnesota Golden Gophers batting - Pitching for Coastal Carolina University Chanticleers : RHP Matt Schnurer
|
|
Batting: RHB Ozzie Buendia
|
0-0: Ground out 6-3 (Groundball, 6, EV 103.8 MPH)
|
|
Batting: SHB Marty Kuehn
|
0-0: Called Strike 0-1: Ball 1-1: Foul Ball, location: 2F 1-2: Ball 2-2: Reached on error, E5 (Groundball, 56, EV 103.1 MPH)
|
|
Batting: LHB Jose Moncada
|
0-0: Ball 1-0: Foul Ball, location: 2F 1-1: Called Strike 1-2: Foul Ball, location: 2F 1-2: Ground out U3 (Groundball, 3S, EV 65.0 MPH) Marty Kuehn to third
|
|
Batting: RHB Ron Gooch
|
0-0: Fly out, F9 (Flyball, 9D, EV 81.9 MPH)
|
| Bottom of the 6th over - 0 runs, 0 hits, 1 error, 1 left on base; Coastal Carolina University 4 - University of Minnesota 0 |
| TOP OF THE 7TH |
|
Coastal Carolina University Chanticleers batting - Pitching for University of Minnesota Golden Gophers : LHP Francisco Ortiz
|
|
Pitching: RHP Neel de Graaf
|
|
|
Batting: RHB Tatsunori Ishigaki
|
0-0: Ground out U3 (Groundball, 3, EV 82.5 MPH)
|
|
Batting: RHB Chris McDaniel
|
0-0: Ball 1-0: Called Strike 1-1: Swinging Strike 1-2: Ball 2-2: Strikes out swinging
|
|
Batting: LHB Orlando Hurtado
|
0-0: Called Strike 0-1: Ball 1-1: SINGLE (Line Drive, 9S, EV 107.5 MPH)
|
|
Batting: RHB Isaac Washington
|
0-0: Fielders Choice at 2nd, U4 (Groundball, 4M, EV 96.2 MPH)
|
| Top of the 7th over - 0 runs, 1 hit, 0 errors, 1 left on base; Coastal Carolina University 4 - University of Minnesota 0 |
| BOTTOM OF THE 7TH |
|
University of Minnesota Golden Gophers batting - Pitching for Coastal Carolina University Chanticleers : RHP Matt Schnurer
|
|
Pitching: RHP Tony Jaggie
|
|
|
Batting: RHB Mike Satterfield
|
0-0: DOUBLE (Line Drive, 89D, EV 105.0 MPH) - OUT at third base trying to stretch hit.
|
|
Batting: LHB Ivan Villegas
|
0-0: Ball 1-0: Called Strike 1-1: Ball 2-1: Ground out 4-3 (Groundball, 4, EV 83.1 MPH)
|
|
Batting: LHB Bobby Agterberg
|
0-0: Called Strike 0-1: Ball 1-1: Ground out 4-3 (Groundball, 4S, EV 66.9 MPH)
|
| Bottom of the 7th over - 0 runs, 1 hit, 0 errors, 0 left on base; Coastal Carolina University 4 - University of Minnesota 0 |
| TOP OF THE 8TH |
|
Coastal Carolina University Chanticleers batting - Pitching for University of Minnesota Golden Gophers : RHP Neel de Graaf
|
|
Batting: RHB Mike Grogan
|
0-0: Ball 1-0: Foul Ball, location: 2F 1-1: Foul Ball, location: 2F 1-2: Ball 2-2: DOUBLE (Line Drive, 7LM, EV 104.4 MPH)
|
|
Batting: LHB Justin Sanders
|
0-0: Called Strike 0-1: Foul Ball, location: 2F 0-2: Strikes out looking
|
|
Batting: RHB Tristan Williams
|
0-0: Ball 1-0: Swinging Strike 1-1: Ball 2-1: Ball 3-1: SINGLE (Groundball, 34D, EV 101.2 MPH) Mike Grogan to third Runner from 3rd tries for Home, throw by RF and OUT! 9-2 Tristan Williams to second
|
|
Batting: RHB Oscar Hernandez
|
0-0: Called Strike 0-1: Swinging Strike 0-2: Foul Ball, location: 2F 0-2: Ball 1-2: Reached on error, E6 (Groundball, 6, EV 80.6 MPH) Tristan Williams to third
|
|
Batting: SHB Iher Waithaka
|
0-0: Swinging Strike 0-1: Swinging Strike 0-2: Ball 1-2: Ball 2-2: Foul Ball, location: 2F 2-2: Foul Ball, location: 2F 2-2: SINGLE (Groundball, 6M, EV 97.5 MPH) Tristan Williams scores Oscar Hernandez to second Runner from 2nd tries for 3rd, OUT after rundown.
|
| Top of the 8th over - 1 run, 3 hits, 1 error, 1 left on base; Coastal Carolina University 5 - University of Minnesota 0 |
| BOTTOM OF THE 8TH |
|
University of Minnesota Golden Gophers batting - Pitching for Coastal Carolina University Chanticleers : RHP Tony Jaggie
|
|
Batting: SHB Chris Rodgers
|
0-0: Ball 1-0: Fly out, F9 (Flyball, 89D, EV 91.2 MPH)
|
|
Batting: RHB Roy Evenden
|
0-0: Foul Ball, location: 2F 0-1: Foul Ball, location: 2F 0-2: Foul Ball, location: 2F 0-2: Ball 1-2: Ball 2-2: Foul Ball, location: 2F 2-2: Foul Ball, location: 2F 2-2: Ball 3-2: Fly out, F7 (Flyball, 7LS, EV 87.5 MPH)
|
|
Batting: RHB Ozzie Buendia
|
0-0: Ball 1-0: Called Strike 1-1: Foul Ball, location: 2F 1-2: Fly out, F8 (Flyball, 8LM, EV 94.4 MPH)
|
| Bottom of the 8th over - 0 runs, 0 hits, 0 errors, 0 left on base; Coastal Carolina University 5 - University of Minnesota 0 |
| TOP OF THE 9TH |
|
Coastal Carolina University Chanticleers batting - Pitching for University of Minnesota Golden Gophers : RHP Neel de Graaf
|
|
Pinch Hitting: LHB Nate Kokx
|
0-0: Called Strike 0-1: Ball 1-1: Ball 2-1: Foul Ball, location: 2F 2-2: Ball 3-2: Foul Ball, location: 2F 3-2: Foul Ball, location: 2F 3-2: Strikes out swinging
|
|
Batting: RHB Chris McDaniel
|
0-0: Ball 1-0: Ground out 1-3 (Groundball, 13S, EV 70.0 MPH)
|
|
Pitching: RHP Dan Mondro
|
|
|
Batting: LHB Orlando Hurtado
|
0-0: Fly out, F4 (Flyball, 34D, EV 80.0 MPH)
|
| Top of the 9th over - 0 runs, 0 hits, 0 errors, 0 left on base; Coastal Carolina University 5 - University of Minnesota 0 |
| BOTTOM OF THE 9TH |
|
University of Minnesota Golden Gophers batting - Pitching for Coastal Carolina University Chanticleers : RHP Tony Jaggie
|
|
Now at SS: Rene Napoles
|
|
|
Batting: SHB Marty Kuehn
|
0-0: Ball 1-0: Foul Ball, location: 2F 1-1: SINGLE (Groundball, 6MS, EV 69.4 MPH) (infield hit)
|
|
Pitching: LHP Kurt Koehn
|
|
|
Batting: LHB Jose Moncada
|
0-0: Foul Ball, location: 2F 0-1: Foul Ball, location: 2F 0-2: Strikes out swinging
|
|
Batting: RHB Ron Gooch
|
0-0: Foul Ball, location: 2F 0-1: Ball 1-1: Called Strike 1-2: Ball 2-2: Foul Ball, location: 2F 2-2: Grounds into double play, 4-6-3 (Groundball, 4, EV 86.2 MPH)
|
| Bottom of the 9th over - 0 runs, 1 hit, 0 errors, 0 left on base; Coastal Carolina University 5 - University of Minnesota 0 |
|